ANAHEIM vs NEW YORK R

Created - May 24, 2021 at 12:11

Goals
1 2 3 T
ANAHEIM 1 0 1 2
NEW YORK R 1 0 0 1
Shots
1 2 3 T
ANAHEIM 8 16 7 31
NEW YORK R 16 8 17 41

1st period

1. NEW YORK R , Leon Draisaitl 24 (Artemi Panarin 37) at 2:34
2. ANAHEIM , Tyler Motte 11 (Lucas Wallmark 8, Pierre-Luc Dubois 22) at 13:16

Penalties :
Karl Alzner (NYR) for Hooking (Minor) at 3:03, Derrick Pouliot (ANA) for Roughing (Double Minor) at 7:48, Kailer Yamamoto (NYR) for Roughing (Minor) at 18:52

2nd period

No Goal

Penalties :
Andrew Cogliano (NYR) for Interference (Minor) at 11:38, Anton Stralman (ANA) for Interference (Minor) at 18:37

3rd period

3. ANAHEIM , Anton Stralman 10 (Joel Edmundson 25, Tanner Pearson 17) at 17:29 (PP)

Penalties :
Pierre-Luc Dubois (ANA) for Hooking (Minor) at 6:32, Olli Maatta (ANA) for Hooking (Minor) at 14:57, Colton Parayko (NYR) for Tripping (Minor) at 15:37

Goalie Stats

Cam Talbot (ANA), 40 saves from 41 shots - (0.976), W, 28-23-6, 60:00 minutes
Frederik Andersen (NYR), 29 saves from 31 shots - (0.935), L, 32-29-13, 59:31 minutes

Players Stats for ANAHEIM

Player Name              G  A  P  +/- PIM S  H  SB GA TA FO     MP     PP MP  PK MP  
------------------------------------------------------------------------------------
Alex Chiasson            0  0  0   0  0   0  1  0  0  0  0/0    16:24   3:03   0:00 
Anton Stralman           1  0  1   0  2   2  0  0  0  0  0/0    19:36   2:46   3:08 
Brendan Guhle            0  0  0   0  0   0  0  1  0  0  0/0     0:48   0:00   0:00 
Caleb Jones              0  0  0   0  0   0  0  0  0  0  0/0     3:04   0:00   0:00 
Casey Nelson             0  0  0   0  0   0  0  1  0  0  0/0     1:39   0:00   1:39 
Connor McDavid           0  0  0  -1  0   6  1  2  0  0  19/42  26:58   3:27   5:49 
Derrick Pouliot          0  0  0   0  4   0  0  1  0  0  0/0     3:03   0:00   0:00 
Evgeny Kuznetsov         0  0  0   0  0   5  2  0  0  0  9/21   23:27   2:38   5:12 
Jake McCabe              0  0  0   1  0   0  0  0  0  0  0/0    11:20   0:00   0:03 
Jansen Harkins           0  0  0   0  0   0  0  0  0  0  1/4     2:57   0:00   1:37 
Jesper Fast              0  0  0  -1  0   0  2  0  0  0  1/1    18:38   3:27   0:00 
Joel Edmundson           0  1  1   0  0   3  3  0  0  0  0/0    20:31   2:46   4:02 
Lucas Wallmark           0  1  1   1  0   2  0  0  0  0  0/2    14:34   0:25   0:12 
Michael Frolik           0  0  0   0  0   1  3  0  0  0  0/1    16:24   3:03   0:00 
Nate Schmidt             0  0  0  -1  0   4  0  0  0  0  0/0    25:00   3:44   4:27 
Olli Maatta              0  0  0  -1  2   1  4  6  0  0  0/0    23:39   3:44   3:55 
Pierre-Luc Dubois        0  1  1   1  2   1  1  0  0  0  12/19  15:37   0:00   1:48 
Tanner Pearson           0  1  1  -1  0   3  1  0  0  0  1/2    21:22   3:27   2:36 
Trevor van Riemsdyk      0  0  0   1  0   1  0  0  0  0  0/0    11:17   0:00   0:00 
Tyler Motte              1  0  1   1  0   2  1  0  0  0  0/5    13:42   0:00   0:00 

Players Stats for NEW YORK R

Player Name              G  A  P  +/- PIM S  H  SB GA TA FO     MP     PP MP  PK MP  
------------------------------------------------------------------------------------
Andrew Cogliano          0  0  0  -1  2   5  1  0  0  0  1/1    18:29   3:50   0:00 
Artemi Panarin           0  1  1   1  0   7  1  0  0  0  0/1    25:47   4:47   4:51 
Bo Horvat                0  0  0  -1  0   4  1  0  0  0  14/27  20:44   3:50   1:26 
Brendan Lemieux          0  0  0   0  0   0  3  0  0  0  1/1    13:16   0:00   0:00 
Brett Pesce              0  0  0   0  0   4  1  2  0  0  0/0    19:27   3:33   2:31 
Cam Fowler               0  0  0   0  0   0  0  0  0  0  0/0    12:06   0:00   0:25 
Colton Parayko           0  0  0  -1  2   1  2  1  0  0  0/0    24:58   5:03   3:34 
Connor Brown             0  0  0   1  0   2  2  0  0  0  0/4    20:25   4:47   0:00 
Gabriel Vilardi          0  0  0   0  0   0  0  0  0  0  0/0     0:12   0:00   0:00 
Jake DeBrusk             0  0  0   0  0   3  0  0  0  0  0/1    12:49   0:00   0:19 
Kailer Yamamoto          0  0  0  -1  2   2  3  0  0  0  0/2    19:15   3:50   0:00 
Karl Alzner              0  0  0   1  2   0  0  0  0  0  0/0     2:39   0:00   0:00 
Leon Draisaitl           1  0  1   1  0   4  3  0  0  0  24/37  26:28   4:47   4:58 
Madison Bowey            0  0  0   1  0   0  0  0  0  0  0/0     2:40   0:00   0:00 
Marc-Edouard Vlasic      0  0  0   0  0   3  1  2  0  0  0/0    19:27   3:33   2:31 
Mike Matheson            0  0  0   0  0   0  0  0  0  0  0/0    11:41   0:00   0:00 
Nico Hischier            0  0  0   0  0   2  0  0  0  0  14/23  14:44   0:00   1:26 
Ryan Lindgren            0  0  0   0  0   0  0  0  0  0  0/0     0:48   0:00   0:00 
Sam Steel                0  0  0   0  0   0  0  0  0  0  0/0     0:00   0:00   0:00 
Seth Jones               0  0  0  -1  0   4  3  2  0  0  0/0    26:12   5:04   3:59 

3 Stars

1 - Cam Talbot (ANA)
2 - Leon Draisaitl (NYR)
3 - Tyler Motte (ANA)

Power Play

ANAHEIM - 1 on 4 Attempt(s) - 25.00%
NEW YORK R - 0 on 5 Attempt(s) - 0.00%

Penalty Kill

ANAHEIM - 5 on 5 Attempt(s) - 100.00% - Score 0 goal in Penalty Kill
NEW YORK R - 3 on 4 Attempt(s) - 75.00% - Score 0 goal in Penalty Kill

Team Stat

ANAHEIM - Hits : 19 - Faceoff Wins : 43 - Blocked Shots : 11 - Penalty Minutes : 10
NEW YORK R - Hits : 21 - Faceoff Wins : 54 - Blocked Shots : 7 - Penalty Minutes : 8

Official

Referees : Frederick L'Ecuyer and Francis Charron
Linesman : Corey Leuders and Brent Hooks

Game Notes

No Game Note

Finance

Level 1 -- Attendance: 4720 (78.67%) -- Ticket Income $472,000
Level 2 -- Attendance: 3110 (62.20%) -- Ticket Income $217,700
Level 3 -- Attendance: 1129 (56.45%) -- Ticket Income $50,805
Level 4 -- Attendance: 4000 (100.00%) -- Ticket Income $80,000
Luxury Box -- Attendance: 984 (98.40%) -- Ticket Income $180,072
Game was played at the Madison Square Garden.
Total Attendance: 13943 (77.46%)
Total Ticket Income: $1,000,577
Total Income: $1,000,577

ANAHEIM

5 vs 5 Forward 
   Center                   Left Wing                Right Wing               Time % Phy DF OF 
 1 Connor McDavid           Tanner Pearson           Jesper Fast              35     1   2  2  
 2 Evgeny Kuznetsov         Alex Chiasson            Michael Frolik           30     1   2  2  
 3 Pierre-Luc Dubois        Lucas Wallmark           Tyler Motte              25     1   2  2  
 4 Jansen Harkins           Connor McDavid           Evgeny Kuznetsov         10     1   2  2  

5 vs 5 Defense 
   Defense                  Defense                                           Time % Phy DF OF 
 1 Nate Schmidt             Olli Maatta                                       35     1   2  2  
 2 Joel Edmundson           Anton Stralman                                    30     1   2  2  
 3 Jake McCabe              Trevor van Riemsdyk                               25     1   2  2  
 4 Caleb Jones              Derrick Pouliot                                   10     1   2  2  

PowerPlay Forward 
   Center                   Left Wing                Right Wing               Time % Phy DF OF 
 1 Connor McDavid           Tanner Pearson           Jesper Fast              60     1   2  2  
 2 Evgeny Kuznetsov         Alex Chiasson            Michael Frolik           40     1   2  2  

PowerPlay Defense
   Defense                  Defense                                           Time % Phy DF OF 
 1 Nate Schmidt             Olli Maatta                                       60     1   2  2  
 2 Joel Edmundson           Anton Stralman                                    40     1   2  2  

Penalty Kill 4 Players Forward 
   Center                   Wing                     Time % Phy DF OF 
 1 Connor McDavid           Evgeny Kuznetsov         60     1   2  2  
 2 Pierre-Luc Dubois        Tanner Pearson           40     1   2  2  

Penalty Kill 4 Players Defense
   Defense                  Defense                  Time % Phy DF OF 
 1 Nate Schmidt             Olli Maatta              60     1   2  2  
 2 Joel Edmundson           Anton Stralman           40     1   2  2  

Penalty Kill - 3 Players Forward 
   Forward                                           Time % Phy DF OF 
 1 Connor McDavid                                    60     1   2  2  
 2 Evgeny Kuznetsov                                  40     1   2  2  

Penalty Kill - 3 Players Defense
   Defense                  Defense                  Time % Phy DF OF 
 1 Nate Schmidt             Olli Maatta              60     1   2  2  
 2 Joel Edmundson           Anton Stralman           40     1   2  2  

4 vs 4 Forward 
   Center                   Wing                     Time % Phy DF OF 
 1 Connor McDavid           Evgeny Kuznetsov         60     1   2  2  
 2 Pierre-Luc Dubois        Tanner Pearson           40     1   2  2  

4 vs 4 Defense
   Defense                  Defense                  Time % Phy DF OF 
 1 Nate Schmidt             Olli Maatta              60     1   2  2  
 2 Joel Edmundson           Anton Stralman           40     1   2  2  

Last Minutes Offensive
   Center                   Left Wing                Right Wing               Defense                  Defense                  
   Connor McDavid           Tanner Pearson           Jesper Fast              Nate Schmidt             Olli Maatta              

Last Minutes Defensive
   Center                   Left Wing                Right Wing               Defense                  Defense                  
   Connor McDavid           Tanner Pearson           Jesper Fast              Nate Schmidt             Olli Maatta              

Goaltenders
Starting : Cam Talbot               
Backup : Juuse Saros              

Extra Forwards
Normal : Lucas Wallmark, Tyler Motte, Jansen Harkins - PP : Lucas Wallmark, Tyler Motte - PK : Jansen Harkins
Extra Defensemen
Normal : Brendan Guhle, Casey Nelson, Jake McCabe - PP : Brendan Guhle - PK : Casey Nelson, Jake McCabe
Penalty Shots
Connor McDavid, Evgeny Kuznetsov, Pierre-Luc Dubois, Tanner Pearson, Jesper Fast

Scratches
ANA Cap Hit (Suspend), Edward Pasquale (Healthy)

NEW YORK R

5 vs 5 Forward 
   Center                   Left Wing                Right Wing               Time % Phy DF OF 
 1 Leon Draisaitl           Artemi Panarin           Connor Brown             35     1   2  2  
 2 Bo Horvat                Andrew Cogliano          Kailer Yamamoto          30     1   2  2  
 3 Nico Hischier            Jake DeBrusk             Brendan Lemieux          25     1   2  2  
 4 Kailer Yamamoto          Brendan Lemieux          Leon Draisaitl           10     1   2  2  

5 vs 5 Defense 
   Defense                  Defense                                           Time % Phy DF OF 
 1 Seth Jones               Colton Parayko                                    35     1   2  2  
 2 Marc-Edouard Vlasic      Brett Pesce                                       30     1   2  2  
 3 Cam Fowler               Mike Matheson                                     25     1   2  2  
 4 Karl Alzner              Madison Bowey                                     10     1   2  2  

PowerPlay Forward 
   Center                   Left Wing                Right Wing               Time % Phy DF OF 
 1 Leon Draisaitl           Artemi Panarin           Connor Brown             60     1   2  2  
 2 Bo Horvat                Andrew Cogliano          Kailer Yamamoto          40     1   2  2  

PowerPlay Defense
   Defense                  Defense                                           Time % Phy DF OF 
 1 Seth Jones               Colton Parayko                                    60     1   2  2  
 2 Marc-Edouard Vlasic      Brett Pesce                                       40     1   2  2  

Penalty Kill 4 Players Forward 
   Center                   Wing                     Time % Phy DF OF 
 1 Leon Draisaitl           Artemi Panarin           60     1   2  2  
 2 Bo Horvat                Nico Hischier            40     1   2  2  

Penalty Kill 4 Players Defense
   Defense                  Defense                  Time % Phy DF OF 
 1 Seth Jones               Colton Parayko           60     1   2  2  
 2 Marc-Edouard Vlasic      Brett Pesce              40     1   2  2  

Penalty Kill - 3 Players Forward 
   Forward                                           Time % Phy DF OF 
 1 Leon Draisaitl                                    60     1   2  2  
 2 Artemi Panarin                                    40     1   2  2  

Penalty Kill - 3 Players Defense
   Defense                  Defense                  Time % Phy DF OF 
 1 Seth Jones               Colton Parayko           60     1   2  2  
 2 Marc-Edouard Vlasic      Brett Pesce              40     1   2  2  

4 vs 4 Forward 
   Center                   Wing                     Time % Phy DF OF 
 1 Leon Draisaitl           Artemi Panarin           60     1   2  2  
 2 Bo Horvat                Nico Hischier            40     1   2  2  

4 vs 4 Defense
   Defense                  Defense                  Time % Phy DF OF 
 1 Seth Jones               Colton Parayko           60     1   2  2  
 2 Marc-Edouard Vlasic      Brett Pesce              40     1   2  2  

Last Minutes Offensive
   Center                   Left Wing                Right Wing               Defense                  Defense                  
   Leon Draisaitl           Artemi Panarin           Connor Brown             Seth Jones               Colton Parayko           

Last Minutes Defensive
   Center                   Left Wing                Right Wing               Defense                  Defense                  
   Leon Draisaitl           Artemi Panarin           Connor Brown             Seth Jones               Colton Parayko           

Goaltenders
Starting : Frederik Andersen        
Backup : Craig Anderson           

Extra Forwards
Normal : Gabriel Vilardi, Sam Steel, Jake DeBrusk - PP : Gabriel Vilardi, Sam Steel - PK : Jake DeBrusk
Extra Defensemen
Normal : Ryan Lindgren, Cam Fowler, Mike Matheson - PP : Ryan Lindgren - PK : Cam Fowler, Mike Matheson
Penalty Shots
Leon Draisaitl, Artemi Panarin, Bo Horvat, Nico Hischier, Connor Brown

Scratches
Marcus Kruger (Healthy)

% Time on Ice - ANAHEIM

Lines # - Real PCT - Wanted PCT - Time Play
Normal Forward
1 - 34% - 35% - 14:20
2 - 31% - 30% - 13:21
3 - 32% - 25% - 13:42
4 - 3% - 10% - 1:20
Normal Defense
1 - 36% - 35% - 15:10
2 - 31% - 30% - 13:12
3 - 26% - 25% - 11:17
4 - 7% - 10% - 3:04
PP Forward
1 - 53% - 60% - 3:27
2 - 47% - 40% - 3:03
PP Defense
1 - 57% - 60% - 3:44
2 - 43% - 40% - 2:46
PK Forward
1 - 70% - 60% - 6:01
2 - 30% - 40% - 2:36
PK Defense
1 - 53% - 60% - 4:35
2 - 47% - 40% - 4:02
PK3 Forward
1 - 0% - 60%
2 - 0% - 40%
PK3 Defense
1 - 0% - 60%
2 - 0% - 40%
44 Forward
1 - 90% - 60% - 1:11
2 - 10% - 40% - 0:08
44 Defense
1 - 61% - 60% - 0:48
2 - 39% - 40% - 0:31
Last Minute Offensive  - 0:00
Last Minute Defensive  - 0:51
Total
Forward - 60:00
Defense - 60:00

% Time on Ice - NEW YORK R

Lines # - Real PCT - Wanted PCT - Time Play
Normal Forward
1 - 35% - 35% - 14:47
2 - 34% - 30% - 14:40
3 - 29% - 25% - 12:30
4 - 2% - 10% - 0:46
Normal Defense
1 - 36% - 35% - 15:30
2 - 30% - 30% - 12:52
3 - 27% - 25% - 11:41
4 - 6% - 10% - 2:40
PP Forward
1 - 56% - 60% - 4:47
2 - 44% - 40% - 3:50
PP Defense
1 - 59% - 60% - 5:04
2 - 41% - 40% - 3:33
PK Forward
1 - 78% - 60% - 5:04
2 - 22% - 40% - 1:26
PK Defense
1 - 61% - 60% - 3:59
2 - 39% - 40% - 2:31
PK3 Forward
1 - 0% - 60%
2 - 0% - 40%
PK3 Defense
1 - 0% - 60%
2 - 0% - 40%
44 Forward
1 - 39% - 60% - 0:31
2 - 61% - 40% - 0:48
44 Defense
1 - 61% - 60% - 0:48
2 - 39% - 40% - 0:31
Last Minute Offensive  - 0:51
Last Minute Defensive  - 0:00
Total
Forward - 60:00
Defense - 60:00

Play-by-Play

1st period


0:01 of 1st period - Leon Draisaitl wins face-off versus Connor McDavid in neutral zone.
0:14 of 1st period - Shot by Leon Draisaitl.
0:14 of 1st period - Shot Misses the Net.
0:16 of 1st period - Shot by Seth Jones.
0:16 of 1st period - Stopped by Cam Talbot without a rebound.
0:17 of 1st period - Evgeny Kuznetsov wins face-off versus Bo Horvat in ANAHEIM zone.
0:55 of 1st period - Alex Chiasson is hit by Andrew Cogliano and loses puck.
1:12 of 1st period - Shot by Jake DeBrusk.
1:12 of 1st period - Stopped by Cam Talbot without a rebound.
1:13 of 1st period - Pierre-Luc Dubois wins face-off versus Leon Draisaitl in ANAHEIM zone.
1:38 of 1st period - Shot by Trevor van Riemsdyk.
1:38 of 1st period - Stopped by Frederik Andersen without a rebound.
1:39 of 1st period - Connor McDavid wins face-off versus Nico Hischier in NEW YORK R zone.
2:09 of 1st period - Jake DeBrusk is hit by Olli Maatta and loses puck.
2:12 of 1st period - Shot by Nico Hischier.
2:12 of 1st period - Shot Blocked by Olli Maatta.
2:32 of 1st period - Shot by Leon Draisaitl.
2:32 of 1st period - Shot Misses the Net.
2:34 of 1st period - Shot by Artemi Panarin.
2:34 of 1st period - Deflect By Leon Draisaitl.
2:34 of 1st period - Goal by Leon Draisaitl - ANAHEIM : 0 - NEW YORK R : 1.
2:35 of 1st period - Bo Horvat wins face-off versus Lucas Wallmark in neutral zone.
2:44 of 1st period - Shot by Bo Horvat.
2:44 of 1st period - Stopped by Cam Talbot with a rebound.
2:48 of 1st period - Shot by Andrew Cogliano.
2:48 of 1st period - Stopped by Cam Talbot without a rebound.
2:49 of 1st period - Evgeny Kuznetsov wins face-off versus Leon Draisaitl in ANAHEIM zone.
2:51 of 1st period - Alex Chiasson is hit by Leon Draisaitl and loses puck.
3:03 of 1st period - Minor Penalty to Karl Alzner for Hooking.
3:04 of 1st period - Leon Draisaitl wins face-off versus Evgeny Kuznetsov in NEW YORK R zone.
3:23 of 1st period - Shot by Joel Edmundson.
3:23 of 1st period - Shot Misses the Net.
3:25 of 1st period - Shot by Joel Edmundson.
3:25 of 1st period - Stopped by Frederik Andersen with a rebound.
3:35 of 1st period - Anton Stralman is hit by Artemi Panarin and loses puck.
3:51 of 1st period - Icing by Olli Maatta.
3:52 of 1st period - Connor McDavid wins face-off versus Bo Horvat in ANAHEIM zone.
3:52 of 1st period - Connor McDavid is hit by Bo Horvat.
3:57 of 1st period - Off-side.
3:58 of 1st period - Connor McDavid wins face-off versus Bo Horvat in neutral zone.
4:31 of 1st period - Connor McDavid is hit by Brett Pesce and loses puck.
4:34 of 1st period - Shot by Connor McDavid.
4:34 of 1st period - Deflect By Tanner Pearson.
4:34 of 1st period - Stopped by Frederik Andersen without a rebound.
4:35 of 1st period - Leon Draisaitl wins face-off versus Evgeny Kuznetsov in NEW YORK R zone.
6:07 of 1st period - Shot by Jake DeBrusk.
6:07 of 1st period - Shot Misses the Net.
6:09 of 1st period - Shot by Marc-Edouard Vlasic.
6:09 of 1st period - Stopped by Cam Talbot with a rebound.
6:13 of 1st period - Shot by Brendan Lemieux.
6:13 of 1st period - Shot Misses the Net.
6:25 of 1st period - Shot by Jake DeBrusk.
6:25 of 1st period - Shot Misses the Net.
6:27 of 1st period - Shot by Marc-Edouard Vlasic.
6:27 of 1st period - Stopped by Cam Talbot without a rebound.
6:28 of 1st period - Evgeny Kuznetsov wins face-off versus Connor Brown in ANAHEIM zone.
7:48 of 1st period - Double Minor Penalty to Derrick Pouliot for Roughing.
7:49 of 1st period - Bo Horvat wins face-off versus Connor McDavid in ANAHEIM zone.
8:19 of 1st period - Shot by Marc-Edouard Vlasic.
8:19 of 1st period - Shot Blocked by Olli Maatta.
8:33 of 1st period - Pierre-Luc Dubois is hit by Kailer Yamamoto and loses puck.
8:55 of 1st period - Icing by Colton Parayko.
8:56 of 1st period - Leon Draisaitl wins face-off versus Tanner Pearson in NEW YORK R zone.
8:56 of 1st period - Leon Draisaitl is hit by Tanner Pearson.
9:28 of 1st period - Shot by Artemi Panarin.
9:28 of 1st period - Shot Misses the Net.
9:32 of 1st period - Shot by Artemi Panarin.
9:32 of 1st period - Stopped by Cam Talbot with a rebound.
9:34 of 1st period - Shot by Artemi Panarin.
9:34 of 1st period - Deflect By Leon Draisaitl.
9:34 of 1st period - Stopped by Cam Talbot without a rebound.
9:35 of 1st period - Pierre-Luc Dubois wins face-off versus Bo Horvat in ANAHEIM zone.
9:48 of 1st period - Shot by Marc-Edouard Vlasic.
9:48 of 1st period - Shot Misses the Net.
10:32 of 1st period - Shot by Artemi Panarin.
10:32 of 1st period - Stopped by Cam Talbot without a rebound.
10:33 of 1st period - Leon Draisaitl wins face-off versus Connor McDavid in ANAHEIM zone.
10:52 of 1st period - Shot by Artemi Panarin.
10:52 of 1st period - Stopped by Cam Talbot without a rebound.
10:53 of 1st period - Pierre-Luc Dubois wins face-off versus Bo Horvat in ANAHEIM zone.
11:13 of 1st period - Andrew Cogliano is hit by Joel Edmundson and loses puck.
11:48 of 1st period - Shot by Connor Brown.
11:48 of 1st period - Shot Misses the Net.
12:19 of 1st period - Icing by Jake McCabe.
12:20 of 1st period - Leon Draisaitl wins face-off versus Pierre-Luc Dubois in ANAHEIM zone.
12:26 of 1st period - Shot by Connor Brown.
12:26 of 1st period - Stopped by Cam Talbot without a rebound.
12:27 of 1st period - Connor McDavid wins face-off versus Bo Horvat in ANAHEIM zone.
12:27 of 1st period - Connor McDavid is hit by Kailer Yamamoto.
13:06 of 1st period - Icing by Seth Jones.
13:07 of 1st period - Pierre-Luc Dubois wins face-off versus Bo Horvat in NEW YORK R zone.
13:12 of 1st period - Shot by Tyler Motte.
13:12 of 1st period - Deflect By Pierre-Luc Dubois.
13:12 of 1st period - Shot Blocked by Seth Jones.
13:14 of 1st period - Shot by Lucas Wallmark.
13:14 of 1st period - Stopped by Frederik Andersen with a rebound.
13:16 of 1st period - Shot by Tyler Motte.
13:16 of 1st period - Goal by Tyler Motte - ANAHEIM : 1 - NEW YORK R : 1.
13:17 of 1st period - Leon Draisaitl wins face-off versus Evgeny Kuznetsov in neutral zone.
13:42 of 1st period - Shot by Leon Draisaitl.
13:42 of 1st period - Shot Blocked by Derrick Pouliot.
13:46 of 1st period - Shot by Artemi Panarin.
13:46 of 1st period - Shot Misses the Net.
13:48 of 1st period - Shot by Marc-Edouard Vlasic.
13:48 of 1st period - Stopped by Cam Talbot without a rebound.
13:49 of 1st period - Nico Hischier wins face-off versus Tyler Motte in ANAHEIM zone.
13:56 of 1st period - Shot by Brendan Lemieux.
13:56 of 1st period - Shot Misses the Net.
13:58 of 1st period - Shot by Mike Matheson.
13:58 of 1st period - Shot Misses the Net.
14:00 of 1st period - Shot by Nico Hischier.
14:00 of 1st period - Stopped by Cam Talbot without a rebound.
14:01 of 1st period - Connor McDavid wins face-off versus Nico Hischier in ANAHEIM zone.
14:17 of 1st period - Shot by Jake DeBrusk.
14:17 of 1st period - Stopped by Cam Talbot without a rebound.
14:18 of 1st period - Leon Draisaitl wins face-off versus Pierre-Luc Dubois in ANAHEIM zone.
14:18 of 1st period - Brett Pesce is hit by Olli Maatta and loses puck.
14:23 of 1st period - Shot by Artemi Panarin.
14:23 of 1st period - Shot Blocked by Olli Maatta.
14:25 of 1st period - Shot by Brett Pesce.
14:25 of 1st period - Shot Misses the Net.
14:34 of 1st period - Off-side.
14:35 of 1st period - Bo Horvat wins face-off versus Evgeny Kuznetsov in neutral zone.
14:44 of 1st period - Shot by Andrew Cogliano.
14:44 of 1st period - Stopped by Cam Talbot without a rebound.
14:45 of 1st period - Connor McDavid wins face-off versus Leon Draisaitl in ANAHEIM zone.
15:12 of 1st period - Shot by Artemi Panarin.
15:12 of 1st period - Shot Misses the Net.
15:26 of 1st period - Icing by Olli Maatta.
15:27 of 1st period - Bo Horvat wins face-off versus Connor McDavid in ANAHEIM zone.
15:39 of 1st period - Icing by Connor McDavid.
15:40 of 1st period - Nico Hischier wins face-off versus Connor McDavid in ANAHEIM zone.
15:56 of 1st period - Off-side.
15:57 of 1st period - Evgeny Kuznetsov wins face-off versus Bo Horvat in neutral zone.
16:10 of 1st period - Michael Frolik is hit by Colton Parayko and loses puck.
16:13 of 1st period - Shot by Joel Edmundson.
16:13 of 1st period - Stopped by Frederik Andersen without a rebound.
16:14 of 1st period - Pierre-Luc Dubois wins face-off versus Leon Draisaitl in NEW YORK R zone.
16:36 of 1st period - Shot by Artemi Panarin.
16:36 of 1st period - Shot Misses the Net.
16:44 of 1st period - Shot by Leon Draisaitl.
16:44 of 1st period - Shot Misses the Net.
17:41 of 1st period - Evgeny Kuznetsov is hit by Seth Jones and loses puck.
17:44 of 1st period - Shot by Michael Frolik.
17:44 of 1st period - Stopped by Frederik Andersen without a rebound.
17:45 of 1st period - Nico Hischier wins face-off versus Connor McDavid in NEW YORK R zone.
17:47 of 1st period - Icing by Mike Matheson.
17:48 of 1st period - Nico Hischier wins face-off versus Connor McDavid in NEW YORK R zone.
17:53 of 1st period - Shot by Connor McDavid.
17:53 of 1st period - Stopped by Frederik Andersen without a rebound.
17:54 of 1st period - Leon Draisaitl wins face-off versus Connor McDavid in NEW YORK R zone.
17:54 of 1st period - Leon Draisaitl is hit by Jesper Fast.
18:00 of 1st period - Jesper Fast is hit by Connor Brown and loses puck.
18:24 of 1st period - Marc-Edouard Vlasic is hit by Olli Maatta and loses puck.
18:36 of 1st period - Leon Draisaitl is hit by Jesper Fast and loses puck.
18:52 of 1st period - Minor Penalty to Kailer Yamamoto for Roughing.
18:53 of 1st period - Bo Horvat wins face-off versus Evgeny Kuznetsov in NEW YORK R zone.
19:02 of 1st period - Colton Parayko is hit by Evgeny Kuznetsov.
Goals for this period are 1 for ANAHEIM vs 1 for NEW YORK R.
Shots for this period are 8 for ANAHEIM vs 16 for NEW YORK R.

2nd period


0:01 of 2nd period - Leon Draisaitl wins face-off versus Connor McDavid in neutral zone.
1:02 of 2nd period - Shot by Pierre-Luc Dubois.
1:02 of 2nd period - Stopped by Frederik Andersen without a rebound.
1:03 of 2nd period - Nico Hischier wins face-off versus Evgeny Kuznetsov in NEW YORK R zone.
1:03 of 2nd period - Nico Hischier is hit by Michael Frolik.
1:06 of 2nd period - Icing by Jake DeBrusk.
1:07 of 2nd period - Nico Hischier wins face-off versus Evgeny Kuznetsov in NEW YORK R zone.
1:07 of 2nd period - Nico Hischier is hit by Michael Frolik.
1:36 of 2nd period - Off-side.
1:37 of 2nd period - Connor McDavid wins face-off versus Bo Horvat in neutral zone.
1:56 of 2nd period - Shot by Connor McDavid.
1:56 of 2nd period - Stopped by Frederik Andersen with a rebound.
1:58 of 2nd period - Shot by Jesper Fast.
1:58 of 2nd period - Shot Misses the Net.
2:00 of 2nd period - Shot by Nate Schmidt.
2:00 of 2nd period - Stopped by Frederik Andersen without a rebound.
2:01 of 2nd period - Leon Draisaitl wins face-off versus Tyler Motte in NEW YORK R zone.
2:10 of 2nd period - Artemi Panarin is hit by Tyler Motte and loses puck.
2:27 of 2nd period - Jake McCabe is hit by Connor Brown and loses puck.
2:36 of 2nd period - Trevor van Riemsdyk is hit by Leon Draisaitl and loses puck.
2:50 of 2nd period - Icing by Mike Matheson.
2:51 of 2nd period - Connor McDavid wins face-off versus Leon Draisaitl in NEW YORK R zone.
3:14 of 2nd period - Icing by Mike Matheson.
3:15 of 2nd period - Evgeny Kuznetsov wins face-off versus Leon Draisaitl in NEW YORK R zone.
5:07 of 2nd period - Icing by Marc-Edouard Vlasic.
5:08 of 2nd period - Nico Hischier wins face-off versus Jansen Harkins in NEW YORK R zone.
7:05 of 2nd period - Shot by Evgeny Kuznetsov.
7:05 of 2nd period - Stopped by Frederik Andersen without a rebound.
7:06 of 2nd period - Leon Draisaitl wins face-off versus Connor McDavid in NEW YORK R zone.
7:21 of 2nd period - Shot by Connor McDavid.
7:21 of 2nd period - Stopped by Frederik Andersen with a rebound.
7:41 of 2nd period - Shot by Tanner Pearson.
7:41 of 2nd period - Shot Misses the Net.
8:11 of 2nd period - Shot by Bo Horvat.
8:11 of 2nd period - Stopped by Cam Talbot with a rebound.
8:13 of 2nd period - Shot by Bo Horvat.
8:13 of 2nd period - Shot Misses the Net.
8:15 of 2nd period - Shot by Andrew Cogliano.
8:15 of 2nd period - Shot Misses the Net.
8:17 of 2nd period - Shot by Bo Horvat.
8:17 of 2nd period - Shot Hit the Post.
9:05 of 2nd period - Off-side.
9:06 of 2nd period - Pierre-Luc Dubois wins face-off versus Nico Hischier in neutral zone.
9:19 of 2nd period - Shot by Lucas Wallmark.
9:19 of 2nd period - Deflect By Pierre-Luc Dubois.
9:19 of 2nd period - Shot Misses the Net.
9:22 of 2nd period - Icing by Karl Alzner.
9:23 of 2nd period - Jesper Fast wins face-off versus Jake DeBrusk in NEW YORK R zone.
9:28 of 2nd period - Shot by Connor McDavid.
9:28 of 2nd period - Stopped by Frederik Andersen without a rebound.
9:29 of 2nd period - Connor McDavid wins face-off versus Leon Draisaitl in NEW YORK R zone.
9:44 of 2nd period - Shot by Leon Draisaitl.
9:44 of 2nd period - Stopped by Cam Talbot without a rebound.
9:45 of 2nd period - Nico Hischier wins face-off versus Tyler Motte in ANAHEIM zone.
11:17 of 2nd period - Icing by Colton Parayko.
11:18 of 2nd period - Evgeny Kuznetsov wins face-off versus Nico Hischier in NEW YORK R zone.
11:34 of 2nd period - Off-side.
11:35 of 2nd period - Leon Draisaitl wins face-off versus Tyler Motte in neutral zone.
11:37 of 2nd period - Off-side.
11:38 of 2nd period - Evgeny Kuznetsov wins face-off versus Bo Horvat in neutral zone.
11:38 of 2nd period - Minor Penalty to Andrew Cogliano for Interference.
11:39 of 2nd period - Tanner Pearson wins face-off versus Leon Draisaitl in NEW YORK R zone.
11:39 of 2nd period - Tanner Pearson is hit by Marc-Edouard Vlasic.
11:59 of 2nd period - Shot by Connor McDavid.
11:59 of 2nd period - Stopped by Frederik Andersen without a rebound.
12:00 of 2nd period - Leon Draisaitl wins face-off versus Evgeny Kuznetsov in NEW YORK R zone.
12:33 of 2nd period - Shot by Michael Frolik.
12:33 of 2nd period - Shot Misses the Net.
12:35 of 2nd period - Shot by Anton Stralman.
12:35 of 2nd period - Shot Misses the Net.
12:37 of 2nd period - Shot by Anton Stralman.
12:37 of 2nd period - Stopped by Frederik Andersen without a rebound.
12:38 of 2nd period - Bo Horvat wins face-off versus Connor McDavid in NEW YORK R zone.
12:49 of 2nd period - Shot by Nate Schmidt.
12:49 of 2nd period - Stopped by Frederik Andersen without a rebound.
12:50 of 2nd period - Connor McDavid wins face-off versus Leon Draisaitl in NEW YORK R zone.
12:56 of 2nd period - Shot by Nate Schmidt.
12:56 of 2nd period - Stopped by Frederik Andersen with a rebound.
12:58 of 2nd period - Shot by Olli Maatta.
12:58 of 2nd period - Stopped by Frederik Andersen without a rebound.
12:59 of 2nd period - Leon Draisaitl wins face-off versus Connor McDavid in NEW YORK R zone.
13:32 of 2nd period - Shot by Nate Schmidt.
13:32 of 2nd period - Shot Hit the Post.
13:34 of 2nd period - Shot by Jesper Fast.
13:34 of 2nd period - Shot Misses the Net.
13:42 of 2nd period - Shot by Evgeny Kuznetsov.
13:42 of 2nd period - Shot Blocked by Brett Pesce.
13:44 of 2nd period - Shot by Evgeny Kuznetsov.
13:44 of 2nd period - Shot Blocked by Marc-Edouard Vlasic.
13:46 of 2nd period - Shot by Anton Stralman.
13:46 of 2nd period - Deflect By Evgeny Kuznetsov.
13:46 of 2nd period - Stopped by Frederik Andersen with a rebound.
14:02 of 2nd period - Shot by Evgeny Kuznetsov.
14:02 of 2nd period - Stopped by Frederik Andersen with a rebound.
14:10 of 2nd period - Shot by Evgeny Kuznetsov.
14:10 of 2nd period - Stopped by Frederik Andersen without a rebound.
14:11 of 2nd period - Nico Hischier wins face-off versus Tyler Motte in NEW YORK R zone.
14:15 of 2nd period - Off-side.
14:16 of 2nd period - Pierre-Luc Dubois wins face-off versus Nico Hischier in neutral zone.
15:53 of 2nd period - Icing by Colton Parayko.
15:54 of 2nd period - Bo Horvat wins face-off versus Evgeny Kuznetsov in NEW YORK R zone.
16:26 of 2nd period - Shot by Connor Brown.
16:26 of 2nd period - Stopped by Cam Talbot without a rebound.
16:27 of 2nd period - Pierre-Luc Dubois wins face-off versus Nico Hischier in ANAHEIM zone.
16:29 of 2nd period - Icing by Trevor van Riemsdyk.
16:30 of 2nd period - Pierre-Luc Dubois wins face-off versus Leon Draisaitl in ANAHEIM zone.
16:35 of 2nd period - Cam Fowler is hit by Pierre-Luc Dubois and loses puck.
17:56 of 2nd period - Shot by Bo Horvat.
17:56 of 2nd period - Shot Blocked by Olli Maatta.
18:04 of 2nd period - Shot by Bo Horvat.
18:04 of 2nd period - Stopped by Cam Talbot without a rebound.
18:05 of 2nd period - Evgeny Kuznetsov wins face-off versus Nico Hischier in ANAHEIM zone.
18:10 of 2nd period - Shot by Joel Edmundson.
18:10 of 2nd period - Stopped by Frederik Andersen without a rebound.
18:11 of 2nd period - Brendan Lemieux wins face-off versus Evgeny Kuznetsov in NEW YORK R zone.
18:11 of 2nd period - Brendan Lemieux is hit by Michael Frolik.
18:24 of 2nd period - Brett Pesce is hit by Alex Chiasson and loses puck.
18:33 of 2nd period - Alex Chiasson is hit by Brendan Lemieux and loses puck.
18:37 of 2nd period - Minor Penalty to Anton Stralman for Interference.
18:38 of 2nd period - Connor McDavid wins face-off versus Bo Horvat in ANAHEIM zone.
18:38 of 2nd period - Connor McDavid is hit by Kailer Yamamoto.
19:08 of 2nd period - Shot by Andrew Cogliano.
19:08 of 2nd period - Stopped by Cam Talbot with a rebound.
19:10 of 2nd period - Shot by Kailer Yamamoto.
19:10 of 2nd period - Stopped by Cam Talbot without a rebound.
19:11 of 2nd period - Leon Draisaitl wins face-off versus Pierre-Luc Dubois in ANAHEIM zone.
19:14 of 2nd period - Shot by Brett Pesce.
19:14 of 2nd period - Stopped by Cam Talbot with a rebound.
19:26 of 2nd period - Shot by Connor McDavid.
19:26 of 2nd period - Stopped by Frederik Andersen without a rebound.
19:27 of 2nd period - Leon Draisaitl wins face-off versus Connor McDavid in NEW YORK R zone.
19:40 of 2nd period - Shot by Artemi Panarin.
19:40 of 2nd period - Shot Blocked by Casey Nelson.
19:42 of 2nd period - Shot by Seth Jones.
19:42 of 2nd period - Stopped by Cam Talbot without a rebound.
19:43 of 2nd period - Bo Horvat wins face-off versus Pierre-Luc Dubois in ANAHEIM zone.
Goals for this period are 0 for ANAHEIM vs 0 for NEW YORK R.
Shots for this period are 16 for ANAHEIM vs 8 for NEW YORK R.

3rd period


0:01 of 3rd period - Leon Draisaitl wins face-off versus Connor McDavid in neutral zone.
0:10 of 3rd period - Shot by Artemi Panarin.
0:10 of 3rd period - Stopped by Cam Talbot without a rebound.
0:11 of 3rd period - Connor McDavid wins face-off versus Leon Draisaitl in ANAHEIM zone.
0:50 of 3rd period - Shot by Andrew Cogliano.
0:50 of 3rd period - Stopped by Cam Talbot with a rebound.
0:52 of 3rd period - Shot by Brett Pesce.
0:52 of 3rd period - Deflect By Bo Horvat.
0:52 of 3rd period - Shot Hit the Post.
1:08 of 3rd period - Shot by Andrew Cogliano.
1:08 of 3rd period - Shot Misses the Net.
1:40 of 3rd period - Shot by Tanner Pearson.
1:40 of 3rd period - Stopped by Frederik Andersen without a rebound.
1:41 of 3rd period - Leon Draisaitl wins face-off versus Evgeny Kuznetsov in NEW YORK R zone.
1:46 of 3rd period - Michael Frolik is hit by Leon Draisaitl.
1:51 of 3rd period - Jake McCabe is hit by Colton Parayko and loses puck.
2:04 of 3rd period - Shot by Michael Frolik.
2:04 of 3rd period - Deflect By Evgeny Kuznetsov.
2:04 of 3rd period - Stopped by Frederik Andersen with a rebound.
2:28 of 3rd period - Shot by Tanner Pearson.
2:28 of 3rd period - Shot Blocked by Colton Parayko.
2:36 of 3rd period - Jesper Fast is hit by Seth Jones and loses puck.
4:00 of 3rd period - Shot by Andrew Cogliano.
4:00 of 3rd period - Stopped by Cam Talbot with a rebound.
4:02 of 3rd period - Shot by Brett Pesce.
4:02 of 3rd period - Stopped by Cam Talbot without a rebound.
4:03 of 3rd period - Nico Hischier wins face-off versus Jansen Harkins in ANAHEIM zone.
4:04 of 3rd period - Shot by Mike Matheson.
4:04 of 3rd period - Shot Misses the Net.
4:06 of 3rd period - Shot by Nico Hischier.
4:06 of 3rd period - Stopped by Cam Talbot without a rebound.
4:07 of 3rd period - Nico Hischier wins face-off versus Connor McDavid in ANAHEIM zone.
4:41 of 3rd period - Shot by Mike Matheson.
4:41 of 3rd period - Shot Misses the Net.
4:49 of 3rd period - Nate Schmidt is hit by Brendan Lemieux and loses puck.
5:17 of 3rd period - Brett Pesce is hit by Connor McDavid and loses puck.
5:25 of 3rd period - Icing by Marc-Edouard Vlasic.
5:26 of 3rd period - Evgeny Kuznetsov wins face-off versus Kailer Yamamoto in NEW YORK R zone.
5:43 of 3rd period - Shot by Bo Horvat.
5:43 of 3rd period - Shot Misses the Net.
6:32 of 3rd period - Minor Penalty to Pierre-Luc Dubois for Hooking.
6:33 of 3rd period - Leon Draisaitl wins face-off versus Connor McDavid in ANAHEIM zone.
6:41 of 3rd period - Shot by Seth Jones.
6:41 of 3rd period - Stopped by Cam Talbot without a rebound.
6:42 of 3rd period - Connor McDavid wins face-off versus Connor Brown in ANAHEIM zone.
6:57 of 3rd period - Shot by Leon Draisaitl.
6:57 of 3rd period - Deflect By Artemi Panarin.
6:57 of 3rd period - Stopped by Cam Talbot without a rebound.
6:58 of 3rd period - Jansen Harkins wins face-off versus Bo Horvat in ANAHEIM zone.
7:25 of 3rd period - Shot by Brett Pesce.
7:25 of 3rd period - Stopped by Cam Talbot without a rebound.
7:26 of 3rd period - Leon Draisaitl wins face-off versus Jansen Harkins in ANAHEIM zone.
7:26 of 3rd period - Artemi Panarin is hit by Joel Edmundson and loses puck.
8:05 of 3rd period - Shot by Colton Parayko.
8:05 of 3rd period - Stopped by Cam Talbot without a rebound.
8:06 of 3rd period - Andrew Cogliano wins face-off versus Connor McDavid in ANAHEIM zone.
8:09 of 3rd period - Shot by Bo Horvat.
8:09 of 3rd period - Stopped by Cam Talbot without a rebound.
8:10 of 3rd period - Bo Horvat wins face-off versus Connor McDavid in ANAHEIM zone.
9:28 of 3rd period - Off-side.
9:29 of 3rd period - Leon Draisaitl wins face-off versus Michael Frolik in neutral zone.
10:43 of 3rd period - Shot by Kailer Yamamoto.
10:43 of 3rd period - Stopped by Cam Talbot without a rebound.
10:44 of 3rd period - Connor McDavid wins face-off versus Nico Hischier in ANAHEIM zone.
10:53 of 3rd period - Shot by Jake DeBrusk.
10:53 of 3rd period - Stopped by Cam Talbot without a rebound.
10:54 of 3rd period - Bo Horvat wins face-off versus Pierre-Luc Dubois in ANAHEIM zone.
10:55 of 3rd period - Shot by Brett Pesce.
10:55 of 3rd period - Stopped by Cam Talbot without a rebound.
10:56 of 3rd period - Bo Horvat wins face-off versus Connor McDavid in ANAHEIM zone.
10:56 of 3rd period - Bo Horvat is hit by Joel Edmundson.
11:14 of 3rd period - Shot by Jesper Fast.
11:14 of 3rd period - Shot Misses the Net.
11:17 of 3rd period - Icing by Brett Pesce.
11:18 of 3rd period - Bo Horvat wins face-off versus Pierre-Luc Dubois in NEW YORK R zone.
11:22 of 3rd period - Off-side.
11:23 of 3rd period - Pierre-Luc Dubois wins face-off versus Connor Brown in neutral zone.
11:32 of 3rd period - Shot by Tyler Motte.
11:32 of 3rd period - Stopped by Frederik Andersen without a rebound.
11:33 of 3rd period - Connor McDavid wins face-off versus Kailer Yamamoto in NEW YORK R zone.
11:49 of 3rd period - Connor McDavid is hit by Seth Jones and loses puck.
12:03 of 3rd period - Connor McDavid is hit by Brendan Lemieux and loses puck.
12:08 of 3rd period - Shot by Kailer Yamamoto.
12:08 of 3rd period - Shot Misses the Net.
12:10 of 3rd period - Shot by Leon Draisaitl.
12:10 of 3rd period - Shot Misses the Net.
12:12 of 3rd period - Shot by Brendan Lemieux.
12:12 of 3rd period - Shot Blocked by Connor McDavid.
12:14 of 3rd period - Shot by Leon Draisaitl.
12:14 of 3rd period - Shot Misses the Net.
12:30 of 3rd period - Off-side.
12:31 of 3rd period - Bo Horvat wins face-off versus Evgeny Kuznetsov in neutral zone.
14:31 of 3rd period - Shot by Leon Draisaitl.
14:31 of 3rd period - Stopped by Cam Talbot without a rebound.
14:32 of 3rd period - Connor McDavid wins face-off versus Nico Hischier in ANAHEIM zone.
14:39 of 3rd period - Shot by Connor McDavid.
14:39 of 3rd period - Shot Blocked by Marc-Edouard Vlasic.
14:41 of 3rd period - Shot by Tanner Pearson.
14:41 of 3rd period - Stopped by Frederik Andersen without a rebound.
14:42 of 3rd period - Pierre-Luc Dubois wins face-off versus Connor Brown in NEW YORK R zone.
14:55 of 3rd period - Shot by Artemi Panarin.
14:55 of 3rd period - Stopped by Cam Talbot without a rebound.
14:56 of 3rd period - Nico Hischier wins face-off versus Connor McDavid in ANAHEIM zone.
14:56 of 3rd period - Nico Hischier is hit by Olli Maatta.
14:57 of 3rd period - Minor Penalty to Olli Maatta for Hooking.
14:58 of 3rd period - Connor McDavid wins face-off versus Artemi Panarin in ANAHEIM zone.
15:37 of 3rd period - Minor Penalty to Colton Parayko for Tripping.
15:38 of 3rd period - Leon Draisaitl wins face-off versus Connor McDavid in NEW YORK R zone.
15:38 of 3rd period - Leon Draisaitl is hit by Evgeny Kuznetsov.
16:00 of 3rd period - Shot by Leon Draisaitl.
16:00 of 3rd period - Deflect By Artemi Panarin.
16:00 of 3rd period - Stopped by Cam Talbot without a rebound.
16:01 of 3rd period - Nico Hischier wins face-off versus Lucas Wallmark in ANAHEIM zone.
16:15 of 3rd period - Icing by Bo Horvat.
16:16 of 3rd period - Bo Horvat wins face-off versus Connor McDavid in NEW YORK R zone.
16:18 of 3rd period - Icing by Nico Hischier.
16:19 of 3rd period - Nico Hischier wins face-off versus Connor McDavid in NEW YORK R zone.
16:46 of 3rd period - Shot by Nico Hischier.
16:46 of 3rd period - Shot Blocked by Brendan Guhle.
16:48 of 3rd period - Shot by Seth Jones.
16:48 of 3rd period - Stopped by Cam Talbot without a rebound.
16:49 of 3rd period - Leon Draisaitl wins face-off versus Pierre-Luc Dubois in ANAHEIM zone.
17:17 of 3rd period - Shot by Nate Schmidt.
17:17 of 3rd period - Stopped by Frederik Andersen with a rebound.
17:19 of 3rd period - Shot by Olli Maatta.
17:19 of 3rd period - Shot Blocked by Seth Jones.
17:21 of 3rd period - Shot by Lucas Wallmark.
17:21 of 3rd period - Stopped by Frederik Andersen without a rebound.
17:22 of 3rd period - Connor McDavid wins face-off versus Leon Draisaitl in NEW YORK R zone.
17:23 of 3rd period - Shot by Tanner Pearson.
17:23 of 3rd period - Shot Blocked by Brett Pesce.
17:25 of 3rd period - Shot by Anton Stralman.
17:25 of 3rd period - Shot Misses the Net.
17:27 of 3rd period - Shot by Joel Edmundson.
17:27 of 3rd period - Shot Misses the Net.
17:29 of 3rd period - Shot by Anton Stralman.
17:29 of 3rd period - Goal by Anton Stralman - ANAHEIM : 2 - NEW YORK R : 1.
17:30 of 3rd period - Pierre-Luc Dubois wins face-off versus Bo Horvat in neutral zone.
19:08 of 3rd period - Off-side.
19:09 of 3rd period - Connor McDavid wins face-off versus Leon Draisaitl in neutral zone.
19:31 of 3rd period - NEW YORK R, Frederik Andersen is pulled from the net.
19:53 of 3rd period - Shot by Leon Draisaitl.
19:53 of 3rd period - Shot Blocked by Olli Maatta.
19:55 of 3rd period - Shot by Seth Jones.
19:55 of 3rd period - Shot Misses the Net.
19:57 of 3rd period - Shot by Connor Brown.
19:57 of 3rd period - Shot Blocked by Connor McDavid.
19:59 of 3rd period - Shot by Artemi Panarin.
19:59 of 3rd period - Shot Blocked by Olli Maatta.
Goals for this period are 1 for ANAHEIM vs 0 for NEW YORK R.
Shots for this period are 7 for ANAHEIM vs 17 for NEW YORK R.